 Dungeon Crawl Stone Soup version 0.17.0-27-g4a3f43e (webtiles) character file.

193 Ivanskos the Covered (level 5, 0/49 HPs)
             Began as a Deep Dwarf Fighter on Nov 21, 2015.
             Killed from afar by an orc wizard (2 damage)
             ... with a magic dart
             ... on level 4 of the Dungeon.
             The game lasted 00:09:30 (1998 turns).

Ivanskos the Covered (Deep Dwarf Fighter)           Turns: 1998, Time: 00:09:30

Health: 0/49       AC:  7    Str: 20    XL:     5   Next: 43%
Magic:  5/5        EV: 18    Int:  9    God:
Gold:   101        SH:  0    Dex: 12    Spells: 0 memorised, 4 levels left

rFire  + + .     SeeInvis .     (weapon currently unavailable)
rCold  + + .     Clarity  .     (armour currently unavailable)
rNeg   + + +     SustAt   .     (shield currently unavailable)
rPois  +         Gourm    .     (helmet currently unavailable)
rElec  +         Spirit   .     (cloak currently unavailable)
rCorr  +         Warding  .     (gloves currently unavailable)
rMut   .         Stasis   .     (boots currently unavailable)
MR     .....                    (amulet currently unavailable)
Stlth  +.........               (ring currently unavailable)
                                (ring currently unavailable)

@: wisp-form (expiring), flying, non-regenerating, drained, quick, not resistant
to hostile enchantments, very unstealthy
A: damage resistance, recharge devices, sense surroundings 1, slow regeneration
3
a: Device Recharging


You were on level 4 of the Dungeon.
You were not hungry.
You were an insubstantial wisp.
You visited 1 branch of the dungeon, and saw 4 of its levels.

You collected 101 gold pieces.

Inventory:

Hand Weapons
 a - a +0 war axe (melded)
Armour
 b - a +0 scale mail (melded)
 h - a cursed +0 cloak (melded)
 p - a +0 shield (melded)
Jewellery
 k - an uncursed ring of protection from cold {unknown}
Wands
 e - a wand of heal wounds (4)
Scrolls
 i - 3 scrolls of identify {unknown}
 o - a scroll of fog {unknown}
Potions
 d - 3 potions of might
 j - 2 potions of poison {unknown}
 l - a potion of flight {unknown}
 m - 2 potions of cancellation {unknown}
 n - 3 potions of curing {unknown}
Comestibles
 f - 3 bread rations
 g - a meat ration


   Skills:
 + Level 3.6(3.0) Fighting
 + Level 3.1(2.5) Axes
 + Level 4.3(3.7) Armour
 + Level 2.1(1.6) Dodging
 + Level 4.1(3.5) Shields


You had 4 spell levels left.
You didn't know any spells.

Dungeon Overview and Level Annotations

Branches:
Dungeon (4/15)
 Temple: D:4-7

Altars:
Elyvilon
Gozag
Nemelex Xobeh
Qazlal
Yredelemnul
Zin

Annotations:
D:4 Blork the orc


Innate Abilities, Weirdness & Mutations

You are resistant to damage.
You can recharge devices by infusing magical energy.
You passively map a small area around you.
You do not regenerate naturally.


Message History

Unknown command.
The giant cockroach completely misses you.
Something barely misses you. The orc hits you but does no damage.
The orc wizard gestures at you while chanting.
The magic dart hits you!
* * * LOW HITPOINT WARNING * * *
You blink.
The orc wizard mumbles some strange words.
The orc wizard seems to speed up.
The giant cockroach bites you but does no damage.
You hear a zap.
Something tries to affect you, but you resist.
The giant cockroach completely misses you.
Something hits you.
* * * LOW HITPOINT WARNING * * *
The orc wizard closely misses you. The giant cockroach closely misses you.
Your transformation is almost over.
The orc wizard gestures at you while chanting.
The magic dart hits you!
You die...

, ##### ,
##...##
######.....##*
, ,
#.....{so...#
, , *
#..###o...)##
# ##.v.## , ,
**#.........#
*
#........#.#..
*
..........##,
,* , , *
#.........#* ,
#.........# *
........... ,
, ..........#.
* , , , ,


You could see an orc wizard, an orc and a giant cockroach.

Vanquished Creatures
  Ijyb (D:3)
  Terence (D:3)
  Natasha (thrice) (D:3)
  5 adders
  4 orcs
  2 ball pythons
  2 bats (D:1)
  4 giant cockroaches
  4 goblins
  11 hobgoblins
  2 quokkas
  4 giant geckos
  5 giant newts
  4 kobolds
  3 rats
55 creatures vanquished.

Vanquished Creatures (others)
  5 toadstools (D:1)
5 creatures vanquished.

Grand Total: 60 creatures vanquished

Notes
Turn   | Place    | Note
--------------------------------------------------------------
     0 | D:1      | Ivanskos the Deep Dwarf Fighter began the quest for the Orb.
     0 | D:1      | Reached XP level 1. HP: 20/20 MP: 1/1
    55 | D:1      | Found a sparkling altar of Nemelex Xobeh.
   232 | D:1      | Reached XP level 2. HP: 26/28 MP: 2/2
   894 | D:2      | Found an opulent altar of Gozag.
   894 | D:2      | Found a glowing silver altar of Zin.
   954 | D:2      | Found a basalt altar of Yredelemnul.
   990 | D:2      | Reached XP level 3. HP: 27/34 MP: 3/3
  1040 | D:2      | Found a white marble altar of Elyvilon.
  1300 | D:2      | Reached skill level 4 in Armour
  1300 | D:2      | Reached skill level 1 in Dodging
  1447 | D:3      | Noticed Natasha
  1463 | D:3      | Killed Natasha
  1463 | D:3      | Reached XP level 4. HP: 17/42 MP: 4/4
  1516 | D:3      | Noticed Ijyb
  1527 | D:3      | Killed Ijyb
  1554 | D:3      | Noticed Natasha
  1565 | D:3      | Killed Natasha
  1603 | D:3      | Noticed Natasha
  1615 | D:3      | Reached XP level 5. HP: 14/49 MP: 5/5
  1620 | D:3      | Killed Natasha
  1653 | D:3      | Noticed Terence
  1693 | D:3      | Killed Terence
  1759 | D:3      | Found a stormy altar of Qazlal.
  1976 | D:4      | Noticed Blork the orc
  1996 | D:4      | HP: 2/49 [something (5)]
  1998 | D:4      | Killed from afar by an orc wizard

Action                   |  1- 3 |  4- 6 || total
-------------------------+-------+-------++-------
Melee: War axe           |    93 |   103 ||   196
Evoke: Wand              |       |     1 ||     1
  Eat: Royal jelly       |     1 |       ||     1
       Meat ration       |       |     1 ||     1
